 Dungeon Crawl Stone Soup version 0.14.0-7-g2801ba0 (webtiles) character file.

40 RogerD the Chucker (level 2, -4/24 HPs)
             Began as a Centaur Gladiator on Apr 12, 2014.
             Killed from afar by Sigmund (5 damage)
             ... with a magic dart
             ... on Level 2 of the Dungeon.
             The game lasted 00:06:42 (613 turns).

RogerD the Chucker (Centaur Gladiator)               Turns: 613, Time: 00:06:42

HP  -4/24        AC  5     Str 17      XL: 2   Next: 93%
MP   2/2         EV 10     Int  7      God:
Gold 13          SH  0     Dex  9      Spells:  0 memorised,  1 level left

rFire  . . .     SeeInvis .     a - +0 long sword
rCold  . . .     Clarity  .     b - +0 leather armour
rNeg   . . .     Conserve .     (no shield)
rPois  .         rCorr    .     s - +0 helmet
rElec  .         rRot     .     (no cloak)
SustAb . .       Spirit   .     (no gloves)
rMut   .         Warding  .     (no barding)
Saprov . . .     Stasis   .     (no amulet)
MR     .....                    (no ring)
                                (no ring)

@: very quick, not resistant to hostile enchantments, extremely unstealthy
A: hooves 3, deformed body, herbivore 1, speed 2, fast metabolism 1, tough skin
3
a: no special abilities


You were on level 2 of the Dungeon.
You were not hungry.

You visited 1 branch of the dungeon, and saw 2 of its levels.

You collected 13 gold pieces.

Inventory:

Hand weapons
 a - a +0,+0 long sword (weapon)
Missiles
 d - 3 throwing nets (quivered)
 h - a dart
Armour
 b - a +0 leather armour (worn)
 c - a +0 helmet
 s - a +0 helmet (worn)
Comestibles
 f - 3 bread rations
 l - a meat ration
 n - a pear
Scrolls
 e - a scroll of recharging {unknown}
 i - 4 scrolls of identify {unknown}
 j - a scroll of remove curse {unknown}
 k - a scroll of noise {unknown}
 o - a scroll of enchant weapon I {unknown}
 p - a scroll of teleportation {unknown}
 q - a scroll of enchant armour {unknown}
 t - a scroll of enchant weapon II {unknown}
Jewellery
 m - an uncursed ring of magical power {unknown}
Potions
 r - a potion of might {unknown}
Books
 u - a book of Frost

   Spells                             Type                      Level
   Freeze                             Ice                          1
   Throw Frost                        Conjuration/Ice              2
   Ozocubu's Armour                   Charms/Ice                   3
   Throw Icicle                       Conjuration/Ice              4
   Summon Ice Beast                   Ice/Summoning                4
   Condensation Shield                Ice                          4


   Skills:
 + Level 2.2 Fighting
 + Level 2.8 Long Blades
 + Level 3.1 Throwing
 + Level 0.2 Armour
 + Level 2.7 Dodging


You had one spell level left.
You didn't know any spells.

Dungeon Overview and Level Annotations

Branches:
Dungeon (2/15)

Altars:

Annotations:
D:2 Sigmund


Innate Abilities, Weirdness & Mutations

You have hooves in place of feet.
Armour fits poorly on your strangely shaped body.
You digest meat inefficiently.
You cover ground very quickly.
You have a fast metabolism.
You have extremely tough skin (AC +3).


Message History

You kill the kobold!
You slash the hobgoblin!
You kill the hobgoblin!
You slash the kobold!
You kill the kobold!
You hear some strange, mumbled words.
The magic dart hits you!
Things that are here:
a whip; a club; a kobold corpse You barely miss something.
Something hits you but does no damage.
Drink which item? (? for menu, Esc to quit)
It has a very clean taste.
It was a potion of cure mutation.
Your leather armour prevents you from hitting something.
Something hits you!
* * * LOW HITPOINT WARNING * * *
x2 You hear some strange, mumbled words.
Something tries to affect you, but you resist.
Something tries to affect you, but you resist.
The magic dart hits you!
You die...

###### ....... ....... ...
....... .... #....g.####
#....###############...###
.........@........)..(.(..
#..#.....###########...###
#.....#......# #####
#..#.....#..>...##
#..................
#...........<......
#...####).[........ #.##
#)####....## #.######.#
...#


There were no monsters in sight!

Vanquished Creatures
  2 giant cockroaches
  4 goblins (D:1)
  6 hobgoblins
  3 bats (D:1)
  5 kobolds
  4 rats
24 creatures vanquished.

Notes
Turn   | Place    | Note
--------------------------------------------------------------
     0 | D:1      | RogerD, the Centaur Gladiator, began the quest for the Orb.
     0 | D:1      | Reached XP level 1. HP: 17/17 MP: 1/1
   245 | D:1      | Reached XP level 2. HP: 24/24 MP: 2/2
   550 | D:2      | Reached skill level 3 in Throwing
   588 | D:2      | Noticed Sigmund
   604 | D:2      | HP: 1/24 [something (1)]
   613 | D:2      | Killed from afar by Sigmund

Action                   || total
-------------------------++-------
Melee: Long sword        ||    53
  Use: Potion            ||     1
